Map: Port Aleksander LE

Players

LiquidMaNa (MaNa)

  • Race: Protoss Protoss
  • League: Grandmaster
  • Spawn Location: 11:00

HeroMarine - Winner!

  • Race: Terran Terran
  • League: Master
  • Spawn Location: 5:00

Event: IEM Season 13 - Katowice Server Qualifiers Europe

VOD

Have the link to the VOD?

Description

Time

  • Played on: Jan. 8, 2019, 11:29 a.m.
  • Length: 20:21

All games in this series

Show
View Real Time Build Order
Export as new Build Order

LiquidMaNa Protoss 

Build Orders: 1 Gate Expand, Oracle Opening 

Get SALT Encoding   

  12  0:01  Probe  
  13  0:13  Probe  
  14  0:18  Pylon  
  14  0:24  Probe  
  15  0:33  Probe  
  15  0:37  Gateway  
  15  0:41  Probe  
  16  0:47  Assimilator  
  17  0:51  Probe  
  18  1:04  Probe  
  19  1:16  Probe  
  20  1:24  Nexus  
  20  1:34  Cybernetics Core  
  20  1:38  Probe  
  21  1:46  Assimilator  
  21  1:50  Probe  
  22  1:56  Pylon  
  22  2:02  Probe  
  22  2:06  Adept  
  23  2:14  Probe  
  26  2:20  Stargate  
  26  2:24  Adept  
  26  2:26  Probe  
  27  2:32  Probe  
  30  2:38  Probe, Warp Gate  
  30  2:40  Probe  
  31  2:50  Adept, Probe  
  35  2:54  Probe  
  35  2:55  Oracle  
  36  3:03  Probe  
  40  3:08  Probe  
  41  3:15  Probe  
  42  3:20  Probe  
  43  3:31  Oracle  
  43  3:32  Gateway  
  43  3:34  Gateway  
  43  3:36  Pylon  
  46  3:42  Pylon  
  46  3:46  Shield Battery  
  46  3:54  Pylon  
  46  3:57  Shield Battery  
  46  4:01  Phoenix  
  46  4:03  Gateway  
  46  4:07  Probe x2  
  46  4:09  Shield Battery  
  48  4:26  Phoenix  
  48  4:32  Probe x2  
  48  4:41  Adept x3  
  55  4:52  Probe  
  55  4:54  Assimilator  
  55  4:55  Assimilator  
  54  5:04  Probe  
  54  5:05  Probe  
  51  5:10  Phoenix  
  49  5:16  Probe  
  49  5:17  Probe  
  49  5:19  Zealot x2  
  49  5:20  Zealot  
  55  5:29  Probe x2  
  57  5:41  Probe  
  55  5:48  Probe  
  53  5:53  Probe  
  53  5:54  Zealot x2  
  53  5:55  Zealot x2  
  62  6:08  Robotics Facility  
  62  6:13  Forge x2  
  62  6:19  Pylon  
  62  6:21  Pylon  
  62  6:30  Nexus  
  62  6:31  Phoenix, Pylon  
  62  6:36  Pylon  
  62  6:37  Pylon  
  62  6:38  Probe x2  
  66  6:43  Protoss Ground Weapons Level 1, Protoss Ground Armor Level 1  
  64  6:50  Probe  
  65  6:58  Observer  
  65  7:00  Robotics Bay  
  66  7:01  Probe  
  66  7:02  Probe  
  66  7:08  Sentry, Zealot, Pylon  
  70  7:13  Twilight Council  
  70  7:15  Probe  
  73  7:17  Observer, Probe  
  74  7:27  Probe  
  74  7:29  Probe  
  77  7:30  Stalker x2  
  81  7:39  Robotics Facility  
  81  7:41  Probe  
  81  7:43  Probe x2  
  84  7:47  Colossus  
  84  7:51  Zealot  
  86  7:55  Probe  
  93  8:10  Probe x3, Photon Cannon  
  93  8:12  Charge  
  95  8:14  Extended Thermal Lance  
  95  8:20  Pylon  
  95  8:21  Observer  
  95  8:22  Probe x2  
  95  8:26  Colossus  
  97  8:29  Zealot x2, Assimilator x2  
  101  8:40  Probe x2  
  109  8:49  Probe  
  109  8:50  Protoss Ground Weapons Level 2  
  109  8:51  Protoss Ground Armor Level 2  
  110  9:05  Gateway x2  
  110  9:06  Immortal  
  110  9:07  Gateway x2  
  110  9:15  Shield Battery  
  114  9:20  Stalker x2  
  114  9:22  Zealot  
  120  9:25  Sentry  
  120  9:26  Probe  
  120  9:28  Probe x2, Shield Battery  
  120  9:29  Colossus  
  131  9:38  Probe  
  131  9:39  Blink  
  131  9:44  Pylon  
  132  9:55  Immortal  
  132  10:00  Templar Archives  
  132  10:03  Pylon  
  132  10:04  Pylon  
  132  10:06  Pylon  
  132  10:08  Pylon  
  132  10:10  Pylon  
  132  10:12  Disruptor  
  132  10:13  Stalker x2  
  140  10:19  Pylon  
  140  10:27  Disruptor  
  143  10:29  Pylon  
  143  10:33  Nexus  
  146  10:41  Stalker x2  
  150  10:47  Stalker x2  
  154  10:53  Stalker x2  
  158  11:00  Disruptor  
  161  11:08  Disruptor  
  161  11:10  Stalker  
  161  11:11  Stalker x2  
  170  11:21  Zealot x4  
  178  11:31  Stalker  
  180  11:37  Protoss Ground Weapons Level 3  
  180  11:39  Protoss Ground Armor Level 3, Stalker x3  
  186  11:41  Disruptor  
  188  11:50  Pylon  
  188  11:53  Disruptor  
  186  12:17  Immortal  
  186  12:21  Nexus  
  190  12:29  Immortal  
  193  12:32  Pylon  
  193  12:36  Dark Shrine  
  193  12:39  Nexus  
  193  12:40  Probe x2  
  193  12:41  Probe  
  196  12:53  Photon Cannon  
  196  12:54  Shield Battery  
  196  12:55  Templar Archives  
  196  12:56  Observer  
  193  13:06  Protoss Air Weapons Level 1  
  186  13:13  Disruptor  
  186  13:15  Fleet Beacon  
  186  13:17  Disruptor  
  192  13:23  Assimilator  
  192  13:27  Assimilator  
  192  13:29  Assimilator  
  190  13:47  Tempest  
  187  14:05  Dark Templar x2, Stalker  
  193  14:22  Stargate  
  193  14:25  Stargate  
  189  14:41  Observer  
  181  14:54  Stalker x6  
  181  15:00  Disruptor  
  181  15:02  Disruptor  
  185  15:12  Stalker  
  185  15:13  Stalker  
  171  15:17  Stalker x4  
  171  15:18  Stalker x2  
  176  15:21  Psionic Storm  
  163  15:31  Disruptor  
  163  15:33  Disruptor  
  163  15:42  Dark Templar, Zealot  
  145  15:43  Zealot x5  
  145  15:47  Tempest  
  162  15:50  Tempest x2  
  170  16:04  High Templar x3  
  170  16:05  Zealot x4  
  164  16:24  Stalker  
  164  16:25  Stalker x4  
  131  16:34  Disruptor  
  131  16:38  Stalker x3  
  131  16:39  Probe x2  
  137  16:43  Probe  
  137  16:44  Probe  
  139  16:59  Zealot x2  
  143  17:08  Archon  
  133  17:16  Stalker x5  
  142  17:28  Observer  
  131  17:37  Observer  
  131  17:41  Nexus, Observer  
  132  17:44  Sentry  
  132  17:45  Sentry  
  132  17:46  High Templar x2  
  132  17:47  Probe x3  
  132  17:49  Probe  
  144  17:59  Probe x2  
  144  18:04  Colossus  
  140  18:27  Tempest x2  
  147  18:42  High Templar x2, Zealot x2  
  147  18:45  Dark Templar  
  157  18:50  Dark Templar, Zealot  
  157  19:01  Zealot  
  157  19:02  Zealot x2  
  147  19:12  Dark Templar  
  142  19:38  Nexus  
  138  19:57  High Templar x2  
  133  20:00  Archon  
  133  20:02  Nexus  
  133  20:05  Archon  
  123  20:11  Stalker  
  123  20:12  Zealot  
Show
View Real Time Build Order
Export as new Build Order

HeroMarine Terran - Winner!

Build Orders: Gas First Reaper Expand, Liberator Opening 

Get SALT Encoding   

  12  0:00  SCV  
  13  0:13  SCV  
  14  0:17  Supply Depot  
  14  0:25  SCV  
  15  0:28  Refinery  
  15  0:39  SCV  
  16  0:45  Barracks  
  16  0:51  SCV  
  17  1:03  SCV  
  18  1:15  SCV  
  19  1:34  Reaper, Orbital Command  
  20  1:51  Command Center  
  20  1:59  SCV  
  21  2:06  Factory  
  21  2:11  SCV  
  21  2:12  Barracks Reactor  
  22  2:22  Supply Depot  
  22  2:23  SCV  
  23  2:31  Refinery  
  23  2:44  SCV  
  23  2:51  Starport  
  24  2:56  SCV  
  25  2:59  Hellion x2  
  29  3:07  Orbital Command  
  29  3:08  SCV  
  30  3:20  Hellion x2  
  30  3:23  SCV  
  35  3:30  Medivac  
  37  3:35  SCV  
  37  3:36  SCV  
  37  3:40  Supply Depot  
  39  3:42  Widow Mine  
  39  3:43  Widow Mine  
  39  3:44  Liberator  
  43  3:56  Marine  
  43  3:58  SCV  
  48  4:03  Widow Mine  
  48  4:06  Supply Depot  
  50  4:10  SCV  
  50  4:14  Marine  
  52  4:22  SCV  
  53  4:28  Widow Mine x2  
  53  4:31  SCV  
  58  4:34  SCV  
  59  4:41  Barracks Tech Lab, Supply Depot  
  59  4:43  SCV  
  60  4:47  SCV  
  61  4:55  SCV  
  61  4:56  Command Center  
  62  5:03  Widow Mine x2  
  62  5:04  SCV  
  67  5:07  SCV  
  67  5:10  Marine, Stimpack  
  67  5:13  Engineering Bay  
  66  5:16  SCV  
  66  5:19  SCV  
  67  5:24  Widow Mine x2  
  65  5:28  SCV  
  65  5:31  SCV  
  64  5:40  SCV  
  61  5:43  SCV  
  61  5:46  Widow Mine x2  
  64  5:50  Marine  
  64  5:53  SCV  
  64  5:55  SCV  
  67  6:04  Terran Infantry Weapons Level 1  
  67  6:05  SCV  
  67  6:08  SCV  
  67  6:09  Barracks  
  67  6:11  Barracks  
  69  6:15  Factory Reactor  
  69  6:17  SCV, Orbital Command  
  69  6:18  Marine  
  70  6:20  SCV  
  72  6:28  Barracks  
  72  6:29  SCV  
  72  6:31  Barracks, Starport Reactor  
  72  6:32  SCV  
  74  6:36  Marine  
  75  6:41  Refinery, SCV  
  75  6:42  Refinery  
  75  6:44  SCV x2  
  75  6:45  Missile Turret  
  77  6:53  SCV  
  77  6:54  Marine  
  76  6:55  Missile Turret  
  76  6:56  SCV x2  
  76  6:57  Missile Turret  
  76  7:00  Factory Reactor, Supply Depot  
  77  7:02  Supply Depot  
  77  7:05  SCV  
  77  7:08  Medivac x2  
  80  7:11  Marine  
  80  7:13  Marine x2  
  80  7:14  Supply Depot  
  85  7:15  Supply Depot  
  85  7:21  Marine x3, SCV  
  85  7:22  Orbital Command  
  90  7:26  SCV  
  90  7:27  Supply Depot  
  90  7:31  Barracks Tech Lab  
  90  7:32  Combat Shield  
  90  7:34  Marauder  
  90  7:35  SCV  
  93  7:38  SCV  
  94  7:46  Marine x3  
  94  7:47  Marine, Barracks Tech Lab  
  94  7:49  SCV x2  
  94  7:50  Refinery, SCV  
  101  7:52  Refinery  
  101  7:55  Supply Depot x2  
  101  8:01  SCV x2  
  101  8:03  SCV  
  102  8:08  Marauder  
  102  8:09  Marauder  
  102  8:10  Marauder  
  108  8:13  SCV x2  
  108  8:15  SCV  
  108  8:16  Armory  
  108  8:19  Engineering Bay  
  111  8:26  Marine x3  
  111  8:27  Marine  
  112  8:29  SCV x2, Starport  
  112  8:32  Terran Infantry Armor Level 1  
  116  8:34  SCV  
  116  8:41  SCV x2  
  116  8:45  Medivac x2  
  116  8:48  Marauder x3  
  128  8:57  Marine x4  
  128  9:06  Viking x2  
  128  9:07  Terran Infantry Weapons Level 2  
  128  9:08  Ghost Academy, Terran Ship Weapons Level 1  
  132  9:12  Supply Depot  
  132  9:17  Supply Depot  
  132  9:19  Supply Depot  
  132  9:20  Supply Depot  
  132  9:33  Viking x2  
  132  9:38  Ghost x2  
  138  9:39  Ghost  
  138  9:40  Command Center  
  138  9:44  Marine x4  
  146  9:45  Supply Depot  
  146  9:50  Viking x2  
  149  10:03  Viking x2  
  153  10:10  Supply Depot  
  153  10:11  Supply Depot  
  153  10:13  Ghost  
  153  10:14  Ghost  
  155  10:20  Viking x2  
  161  10:22  Marine x4, Ghost  
  167  10:33  Missile Turret  
  167  10:34  Viking x2  
  171  10:38  Missile Turret  
  171  10:40  Terran Infantry Armor Level 2  
  171  10:48  Missile Turret  
  171  10:51  Marauder x2  
  171  10:52  Marauder  
  171  10:56  Missile Turret  
  177  10:59  Concussive Shells, Missile Turret  
  176  11:04  Missile Turret  
  176  11:05  Marine x4  
  180  11:13  Marauder x3  
  186  11:19  Barracks x3  
  186  11:20  Liberator x2, Terran Ship Weapons Level 2  
  186  11:23  Marine x3  
  189  11:26  Planetary Fortress  
  188  11:34  Marauder  
  195  11:55  Fusion Core  
  195  11:56  Refinery  
  195  11:58  Marine, Marauder x2  
  200  12:11  Terran Infantry Weapons Level 3  
  200  12:12  Liberator, Sensor Tower  
  200  12:14  Starport  
  198  12:20  Marine, Refinery  
  198  12:21  Marine  
  198  12:22  Barracks Tech Lab x2, Barracks Reactor  
  188  12:30  Marine x2  
  188  12:31  Marauder x3  
  188  12:36  SCV x2  
  198  12:47  Missile Turret  
  198  12:50  Missile Turret  
  198  12:53  Liberator x2  
  198  12:54  Liberator  
  198  12:56  Starport Tech Lab  
  198  13:04  Marauder  
  192  13:06  Missile Turret  
  192  13:07  Marauder  
  192  13:08  Marine  
  192  13:09  Marine x4  
  198  13:13  Marauder x3  
  198  13:14  Advanced Ballistics  
  199  13:28  Command Center  
  199  13:36  Liberator x2  
  197  13:42  Terran Ship Weapons Level 3, Terran Infantry Armor Level 3, Liberator  
  199  14:21  Marine  
  199  14:22  Marine x2  
  200  14:24  Command Center  
  200  14:26  Liberator  
  200  14:27  Liberator x4  
  198  14:46  Marine, Marauder  
  197  15:02  Marine x2  
  178  15:13  Marine x6, Marauder x2  
  180  15:14  Marauder  
  180  15:19  Marine  
  180  15:20  Marine  
  182  15:25  Command Center  
  179  15:29  Liberator x3  
  179  15:30  Marine  
  179  15:31  Marine x3, Missile Turret  
  179  15:32  Marauder x2  
  179  15:34  Marauder x2  
  179  15:35  Marine  
  190  15:37  Marine x2  
  185  15:48  Marine x2  
  185  15:49  Marine x2  
  198  15:53  Marauder  
  200  16:06  Marine, Orbital Command  
  200  16:09  Liberator x2  
  200  16:12  Liberator x2  
  197  16:20  Marauder  
  197  16:21  Marine x2  
  197  16:23  Marine, Marauder  
  191  16:29  Marauder x2  
  191  16:30  Marine x2  
  191  16:32  Marine  
  169  16:44  Marine x2, Marauder  
  169  16:45  Marauder  
  169  16:47  Missile Turret  
  175  16:49  Marine x3  
  175  16:50  Marine  
  175  16:53  Viking  
  183  16:59  Ghost x3  
  183  17:01  Planetary Fortress  
  175  17:05  Ghost  
  165  17:09  Marine x2, Viking x2  
  165  17:13  Marine x3  
  165  17:14  Viking  
  165  17:15  Viking  
  174  17:17  Marine, Marauder  
  177  17:23  Viking  
  177  17:27  Marine  
  177  17:29  Marauder x3  
  177  17:34  Marauder  
  177  17:35  Marine  
  180  17:38  Marauder  
  180  17:40  Viking x2  
  186  17:45  Medivac  
  186  17:46  Medivac  
  186  17:50  Marauder x3  
  196  17:53  Marine x2, Terran Vehicle And Ship Armor Level 1, Medivac  
  200  18:11  Sensor Tower  
  200  18:19  Personal Cloaking  
  200  18:32  Medivac  
  200  18:33  Medivac  
  198  18:40  Marauder x2  
  198  18:41  Marine, Marauder  
  194  18:53  Marine x2  
  196  19:01  Command Center  
  190  19:11  Liberator  
  188  19:22  Marine, Marauder  
  188  19:23  Marauder x3, Barracks  
  197  19:25  Barracks  
  197  19:26  Barracks  
  173  20:00  Marine x2  
  173  20:02  Marine  

Tags
 
Add a new tag
Caveats
  • Supply blocks, unpowered buildings, or Contaminate may cause inaccurate times.
  • Supply counts are checked every 10 seconds.